 Dungeon Crawl Stone Soup version 0.19-a0-1626-g5215c36 (webtiles) character file.

77 sveltemanboy the Slasher (level 4, -3/33 HPs)
             Began as a Demonspawn Gladiator on Sept 18, 2016.
             Slain by Grinder (5 damage)
             ... on level 3 of the Dungeon.
             The game lasted 00:05:17 (2018 turns).

sveltemanboy the Slasher (Demonspawn Gladiator)     Turns: 2018, Time: 00:05:17

Health: -3/33      AC:  9    Str: 17    XL:     4   Next: 13%
Magic:  0/4        EV: 10    Int: 12    God:
Gold:   72         SH:  0    Dex: 13    Spells: 0 memorised, 3 levels left

rFire  . . .     SeeInvis .     a - +0 long sword
rCold  . . .     Gourm    .     s - +0 scale mail
rNeg   . . .     Faith    .     (no shield)
rPois  .         Spirit   +     k - +0 helmet {Int+3}
rElec  .         Dismiss  .     c - +0 cloak
rCorr  .         Reflect  .     (no gloves)
MR     .....     Harm     .     n - +0 pair of boots
Stlth  ..........               (no amulet)
                                (no ring)
                                (no ring)

@: flying
A: magic shield, magic regeneration
a: no special abilities


You were on level 3 of the Dungeon.
You were not hungry.

You visited 1 branch of the dungeon, and saw 3 of its levels.

You collected 72 gold pieces.

Inventory:

Hand Weapons
 a - a +0 long sword (weapon)
Missiles
 d - a throwing net (quivered)
 e - 126 stones
Armour
 c - a +0 cloak (worn)
 k - a +0 helmet of intelligence (worn)
 n - a +0 pair of boots (worn)
 s - a +0 scale mail (worn)
Jewellery
 j - an uncursed ring of fire
Scrolls
 g - a scroll of identify
 h - a scroll of fog {unknown}
 i - a scroll of teleportation {unknown}
 l - 2 scrolls of remove curse
 o - a scroll of noise {unknown}
 q - 3 scrolls of blinking {unknown}
Comestibles
 f - 2 bread rations
 r - 3 chunks of flesh


   Skills:
 - Level 2.0 Fighting
 * Level 4.1 Long Blades
 - Level 1.7 Throwing
 + Level 1.2 Armour
 + Level 2.9 Dodging


You had 3 spell levels left.
You didn't know any spells.

Dungeon Overview and Level Annotations

Branches:
Dungeon (3/15)

Altars:

Annotations:
D:3 Grinder


Innate Abilities, Weirdness & Mutations

When hurt, damage is shared between your health and your magic reserves.
You regenerate magic rapidly.


Message History

Grinder closely misses you. Grinder hits you but does no damage.
You slash Grinder!
Grinder is moderately wounded.
Grinder misses you.
You riposte.
You hit Grinder.
Grinder is heavily wounded.
You hit Grinder.
Grinder is heavily wounded.
Grinder hits you!
* * * LOW HITPOINT WARNING * * *
You writhe in agony.
* * * LOW HITPOINT WARNING * * *
You are too injured to fight recklessly!
You slash Grinder!
Grinder is almost dead.
Grinder hits you but does no damage.
You barely miss Grinder.
Grinder is almost dead.
Grinder says, "DUCK!"
Grinder hits you!
You die...

### .[# ..# ###########
..####.........#
...............# #
..###..........####.####
..####...........(......
...# #..........@####.##
...# #.........5.(.....#
...###.........####..#..
....############ ....
#....# #.# ##...# .
#.#.## #.#..# #.#..##


You could see Grinder.

Vanquished Creatures
  2 adders
  2 oozes
  A leopard gecko (D:2)
  8 goblins
  3 hobgoblins
  6 jackals
  8 kobolds
  A quokka (D:2)
  9 bats
  4 frilled lizards
  6 rats
50 creatures vanquished.

Notes
Turn   | Place    | Note
-------+----------+-------------------------------------------
     0 | D:1      | sveltemanboy the Demonspawn Gladiator began the quest for the Orb.
     0 | D:1      | Reached XP level 1. HP: 16/16 MP: 1/1
   113 | D:1      | Reached skill level 3 in Long Blades
   253 | D:1      | Gained mutation: When hurt, damage is shared between your health and your magic reserves. [demonic ancestry]
   253 | D:1      | Reached XP level 2. HP: 22/22 MP: 2/2
   346 | D:1      | Reached skill level 1 in Armour
  1076 | D:2      | Gained mutation: You regenerate magic rapidly. [demonic ancestry]
  1076 | D:2      | Reached XP level 3. HP: 24/27 MP: 3/3
  1669 | D:2      | Reached skill level 4 in Long Blades
  1913 | D:2      | Reached XP level 4. HP: 33/33 MP: 2/4
  1982 | D:3      | Noticed Grinder
  1992 | D:3      | Paralysed by Grinder for 3 turns
  2018 | D:3      | Slain by Grinder

Vault maps used:
D:1:      dpeg_arrival_rhombi
D:2:      first_bread, minmay_pentomino_u2
D:3:      ecumenical_altar_1, kennysheep_doodads,
          nicolae_ru_great_annihilating_truth, uniq_grinder

Skill      XL: |  1  2  3 |
---------------+----------+-----
Long Blades    | 3 4 |  4.1
Armour         | 1 |  1.2
Fighting       | |  2.0
Throwing       | |  1.7
Dodging        | |  2.9

Action                   |  1- 3 |  4- 6 || total
-------------------------+-------+-------++-------
Melee: Long sword        |   170 |    18 ||   188
Throw: Stone             |     6 |       ||     6
       Throwing net      |     3 |     5 ||     8
  Use: Scroll            |     2 |       ||     2
       Potion            |       |     2 ||     2
 Stab: Held in net/web   |       |     1 ||     1
  Eat: Chunk             |     3 |     1 ||     4
Armor: Leather armour    |    40 |       ||    40
       Scale mail        |     3 |     5 ||     8
Dodge: Dodged            |    85 |     5 ||    90
